AoeStats
← 一杯冰美式

Arena

510089058Analyzed
3v3 RM · 4d ago on Sep 29, 2026· 41m 9s· 6 players
Game mode
Random Map
Map size
Normal (6 player)
Population
200
Speed
Normal
Resources
Standard
Victory
Conquest
Starting age
Dark Age
Ending age
Imperial Age
RankedLock teamsTeams togetherTeam positionsShared explorationLock speedFull tech treeHidden civsTurbo modeCheats
Victory
Defeat
🇫🇷 Franks · France
1189
+12
🇹🇼 Muisca · Taiwan
1163
+14
🇹🇼 Varangians · Taiwan
1005
+20
🇹🇼 Japanese · Taiwan
1132
-16
🇹🇼 Britons · Taiwan
1095
-15
1087
-15
Jason
8:09 Loom
10:32 Feudal Age
11:12 Double-Bit Axe
15:55 Castle Age
15:04 Gold Mining
16:32 Fletching
20:06 Crossbowman
20:56 Horse Collar
22:39 Heavy Plow
24:19 Wheelbarrow
24:19 Husbandry
24:24 Man-at-Arms
24:50 Gambesons
25:08 Squires
25:39 Forging
25:31 Scale Mail Armor
25:20 Long Swordsman
29:16 Hand Cart
34:20 Imperial Age
32:13 Stone Mining
33:00 Gold Shaft Mining
33:29 Ballistics
33:07 Bodkin Arrow
33:12 Padded Archer Armor
34:28 Arbalester
36:16 Chemistry
35:23 Bracer
35:55 Yeomen
35:35 Town Watch
36:54 Bow Saw
37:04 Two-Handed Swordsman
39:19 Light Cavalry
一杯冰美式
0:39 Loom
2:16 Loom
11:44 Feudal Age
17:20 Castle Age
15:22 Gold Mining
15:19 Horse Collar
17:03 Gold Mining
19:04 Double-Bit Axe
20:55 Town Watch
24:45 Bow Saw
24:37 Heavy Plow
29:33 Imperial Age
28:10 Gold Shaft Mining
28:19 Stone Mining
28:45 Scale Mail Armor
28:56 Forging
28:37 Arson
28:58 Squires
32:15 Chain Mail Armor
32:36 Iron Casting
吃饭睡觉打豆豆
9:02 Feudal Age
9:44 Double-Bit Axe
9:42 Horse Collar
16:55 Castle Age
15:18 Stone Mining
15:54 Forging
16:26 Forging
16:17 Scale Mail Armor
17:56 Bow Saw
19:41 Heavy Plow
19:39 Gold Mining
28:40 Imperial Age
26:23 Loom
27:14 Wheelbarrow
26:29 Town Watch
27:26 Gold Shaft Mining
27:18 Fletching
27:28 Padded Archer Armor
27:58 Squires
27:19 Pikeman
27:44 Gambesons
27:45 Arson
28:36 Thumb Ring
27:53 Crossbowman
28:47 Scale Barding Armor
28:37 Bodkin Arrow
29:16 Ballistics
29:58 Two-Man Saw
29:57 Hand Cart
30:27 Kamandaran
30:48 Conscription
32:52 Crop Rotation
33:11 Leather Archer Armor
34:33 Halberdier
35:56 Iron Casting
36:42 Chain Mail Armor
38:07 Blast Furnace
38:46 Ring Archer Armor
38:46 Plate Mail Armor
sasha
10:42 Feudal Age
14:52 Castle Age
13:17 Double-Bit Axe
16:36 Bow Saw
23:00 Wheelbarrow
22:11 Loom
23:29 Gold Mining
24:01 Stone Mining
24:56 Hand Cart
26:52 Gold Shaft Mining
29:34 Imperial Age
27:13 Scale Barding Armor
27:35 Forging
27:56 Husbandry
28:23 Chain Barding Armor
29:50 Iron Casting
30:50 Plate Barding Armor
29:37 Cavalier
31:13 Chivalry
32:15 Conscription
31:54 Paladin
33:58 Blast Furnace
32:49 Fletching
38:35 Masonry
38:06 Treadmill Crane
41:24 Hoardings
42:16 Architecture
42:07 Ballistics
AZ
0:42 Loom
10:27 Feudal Age
11:02 Double-Bit Axe
18:02 Castle Age
16:09 Gold Mining
16:18 Horse Collar
19:30 Bow Saw
21:31 Wheelbarrow
26:18 Hand Cart
26:38 Husbandry
27:12 Heavy Plow
27:35 Vendel Legacy
28:28 Bloodlines
29:04 Forging
29:12 Scale Barding Armor
32:50 Iron Casting
37:20 Imperial Age
35:12 Chain Barding Armor
35:03 Squires
35:19 Gambesons
35:20 Arson
35:36 Scale Mail Armor
35:58 Stone Mining
37:27 Chain Mail Armor
37:25 Elite Varangian Guard
37:55 Capped Ram
40:20 Two-Man Saw
40:37 Blast Furnace
40:08 Plate Mail Armor
40:38 Stone Shaft Mining
40:37 Conscription
39:40 Gothikon
41:47 Plate Barding Armor
路過的黑貓
12:22 Feudal Age
13:15 Double-Bit Axe
13:34 Horse Collar
15:59 Castle Age
17:19 Loom
17:52 Bow Saw
20:36 Imperial Age
20:11 Fletching
21:20 Ballistics
22:14 Bodkin Arrow
23:22 Chemistry
22:44 Gold Mining
24:11 Gold Shaft Mining
27:41 Elite Skirmisher
29:15 Wheelbarrow
29:31 Bracer
30:11 Padded Archer Armor
30:43 Elite Skirmisher
31:42 Leather Archer Armor
32:17 Fervor
32:25 Block Printing
33:07 Hand Cart
32:58 Town Watch
35:18 Conscription
36:21 Two-Man Saw
35:23 Heavy Plow
35:21 Stone Mining
37:15 Herbalism
Connection lost

Rejoining the realm…

Still unreachable

The connection could not be restored.

Session expired

The server has moved on; the page needs a fresh start.